AoeStats
← 騷護士

Oasis

509692132Analyzed
4v4 RM · 5d ago on Sep 27, 2026· 34m 33s· 8 players
Game mode
Random Map
Map size
Large (8 player)
Population
200
Speed
Normal
Resources
Standard
Victory
Conquest
Starting age
Dark Age
Ending age
Imperial Age
RankedLock teamsTeams togetherTeam positionsShared explorationLock speedFull tech treeHidden civsTurbo modeCheats
Victory
Defeat
🇩🇪 Koreans · Germany
1633
+14
🇦🇹 Bohemians · Austria
1624
+14
🇩🇪 Persians · Germany
1504
+19
🇺🇸 Varangians · United States
1497
+20
🇹🇼 Persians · Taiwan
1596
-17
🇹🇼 Spanish · Taiwan
1587
-17
🇭🇰 Britons · Hong Kong SAR China
1578
-17
🇨🇳 Persians · China
1573
-16
RustyCrowHK
7:11 Loom
9:59 Feudal Age
10:40 Double-Bit Axe
14:09 Fletching
14:25 Gold Mining
17:15 Horse Collar
21:47 Castle Age
20:08 Stone Mining
21:38 Padded Archer Armor
23:09 Bow Saw
22:30 Elite Skirmisher
23:07 Bodkin Arrow
23:18 Heavy Plow
27:01 Wheelbarrow
26:13 Town Watch
28:52 Ballistics
28:55 Hand Cart
28:53 Crossbowman
33:20 Imperial Age
34:05 Bracer
35:06 Chemistry
騷護士
3:08 Loom
11:01 Feudal Age
17:16 Castle Age
23:53 Double-Bit Axe
啥牌子的
7:17 Loom
9:26 Feudal Age
11:02 Bloodlines
11:16 Double-Bit Axe
11:35 Horse Collar
19:53 Castle Age
18:42 Gold Mining
19:25 Scale Barding Armor
19:32 Forging
20:48 Wheelbarrow
20:19 Husbandry
20:34 Bow Saw
20:34 Heavy Plow
22:48 Town Watch
26:29 Chain Barding Armor
32:06 Imperial Age
30:43 Chain Barding Armor
31:42 Iron Casting
32:03 Hand Cart
32:05 Town Patrol
32:13 Stone Mining
33:07 Plate Barding Armor
33:43 Blast Furnace
33:29 Elite War Elephant
上帝惡魔楊宗翰
9:48 Feudal Age
15:06 Castle Age
13:04 Double-Bit Axe
13:27 Horse Collar
16:00 Loom
21:55 Husbandry
29:07 Wheelbarrow
35:10 Imperial Age
32:52 Bloodlines
33:11 Heavy Plow
34:03 Scale Barding Armor
34:52 Forging
Sammy
11:28 Feudal Age
13:32 Loom
16:10 Castle Age
15:29 Horse Collar
15:36 Double-Bit Axe
18:23 Bow Saw
20:04 Wheelbarrow
21:53 Heavy Plow
28:56 Imperial Age
27:10 Scale Barding Armor
27:16 Forging
27:50 Hand Cart
28:48 Chain Barding Armor
28:37 Husbandry
28:47 Bloodlines
28:47 Cavalier
30:08 Iron Casting
30:15 Savar
32:10 Blast Furnace
32:07 Plate Barding Armor
34:17 Conscription
DoubleZX
6:58 Loom
9:38 Feudal Age
10:25 Horse Collar
10:31 Double-Bit Axe
11:39 Wheelbarrow
16:14 Town Watch
20:16 Castle Age
18:41 Gold Mining
18:57 Stone Mining
21:09 Heavy Plow
21:21 Bow Saw
24:56 Fletching
26:33 Bodkin Arrow
30:17 Eupseong
31:01 Ballistics
31:26 Treadmill Crane
35:33 Imperial Age
34:08 Hand Cart
35:00 Gold Shaft Mining
Rest in Pieces
6:50 Loom
9:29 Feudal Age
12:51 Fletching
21:46 Castle Age
19:51 Double-Bit Axe
20:42 Horse Collar
21:53 Padded Archer Armor
22:23 Bodkin Arrow
21:48 Crossbowman
22:48 Bow Saw
23:25 Town Watch
32:30 Imperial Age
32:42 Ballistics
33:54 Chemistry
33:20 Bracer
34:24 Arbalester
Rabe3000
7:46 Loom
9:37 Feudal Age
10:57 Double-Bit Axe
11:42 Bloodlines
17:16 Scale Barding Armor
21:31 Castle Age
20:06 Forging
22:18 Light Cavalry
23:27 Bow Saw
24:08 Wheelbarrow
23:25 Horse Collar
25:57 Hand Cart
26:59 Husbandry
29:20 Town Watch
35:08 Chain Barding Armor
Connection lost

Rejoining the realm…

Still unreachable

The connection could not be restored.

Session expired

The server has moved on; the page needs a fresh start.